 Dungeon Crawl Stone Soup version 0.31-a0-188-g5e087ee2ca (webtiles) character file.

Game seed: 2158467439173179775

235 qw the Skirmisher (level 5, 0/29 HPs)
             Began as a Deep Elf Hunter on June 23, 2023.
             Slain by a gnoll
             ... wielding a +0 spear
              (8 damage)
             ... on level 4 of the Dungeon.
             The game lasted 00:01:19 (2818 turns).

qw the Skirmisher (Deep Elf Hunter)                 Turns: 2818, Time: 00:01:20

Health: 0/29       AC:  8    Str: 10    XL:     5   Next: 76%
Magic:  7/7        EV: 12    Int: 14    God:
Gold:   193        SH:  0    Dex: 18    Spells: 4/4 levels left

rFire   . . .        Y - +0 shortbow
rCold   + . .        (shield currently unavailable)
rNeg    . . .        k - +2 leather armour {rC+}
rPois   .            j - +0 helmet
rElec   .            (no cloak)
rCorr   .            g - +0 pair of gloves
SInv    .            a - +0 pair of boots
Will    .....        (no amulet)
Stlth   ++           (no ring)
HPRegen 0.24/turn    (no ring)
MPRegen 0.10/turn

%: no passive effects
@: no status effects
A: no striking features
a: no special abilities


You were on level 4 of the Dungeon.
You visited 1 branch of the dungeon, and saw 4 of its levels.

You collected 193 gold pieces.


   Skills:
 - Level 1.6 Fighting
 - Level 9.0 Ranged Weapons
 - Level 1.0 Armour
 + Level 2.7 Dodging
 - Level 1.2 Stealth


You had 4 spell levels left.
You didn't know any spells.
Your spell library was empty.

Inventory:

Hand Weapons
 Y - a +0 shortbow (weapon)
Armour
 a - a +0 pair of boots (worn)
 b - a +0 ring mail
 g - a +0 pair of gloves (worn)
 j - a +0 helmet (worn)
 k - a +2 leather armour of cold resistance (worn)
Scrolls
 e - a scroll of identify
Potions
 c - 2 potions of heal wounds
 d - a potion of curing
 i - a potion of enlightenment {unknown}
 l - a potion of haste {unknown}

Dungeon Overview and Level Annotations

Branches:
Dungeon (4/15)
 Temple: D:4-7

Altars:
Cheibriados
Hepliaklqana
Makhleb
Nemelex Xobeh

Shops:
D:3 :


Message History

The gnoll shouts!
You hear a shout!
The gnoll shouts!
You hear a bark!
You shoot an arrow. The arrow hits the gnoll!
The gnoll is severely wounded.
A gnoll comes into view. It is wielding a +0 spear.
You shoot an arrow. The arrow hits the gnoll.
The gnoll is almost dead.
A gnoll comes into view. It is wielding a +0 flail.
You shoot an arrow. The arrow completely misses the gnoll.
You shoot an arrow.
The arrow hits the gnoll but does no damage.
The gnoll is almost dead.
You shoot an arrow. The arrow barely misses the gnoll.
You shoot an arrow. The arrow barely misses the gnoll.
The gnoll hits you but does no damage.
You shoot an arrow. The arrow closely misses the gnoll.
The gnoll misses you.
The gnoll hits you from afar with a +0 spear.
You shoot an arrow. The arrow hits the gnoll!
You kill the gnoll!
The gnoll hits you from afar with a +0 spear.
You shoot an arrow. The arrow hits the gnoll.
The gnoll is heavily wounded.
The gnoll hits you but does no damage.
You shoot an arrow. The arrow hits the gnoll.
The gnoll is heavily wounded.
The gnoll hits you from afar with a +0 spear.
The gnoll closely misses you.
You shoot an arrow. The arrow closely misses the gnoll.
The gnoll hits you from afar with a +0 spear.
The gnoll misses you.
You shoot an arrow.
The arrow hits the gnoll but does no damage.
The gnoll is heavily wounded.
The gnoll hits you from afar with a +0 spear.
The gnoll hits you with a +0 flail!
You shoot an arrow. The arrow hits the gnoll.
The gnoll is heavily wounded.
The gnoll hits you from afar with a +0 spear!
You die...

..##.##.# .~~.
.....>...###.~~.
#............~~.
#............~~g
#............~~~
#........g....~~
#.......)g.$....
#.......@......#
#......<.......+
#..............#
#.........%....#
#####.##########
#. #. #


You could see 3 gnolls.

Vanquished Creatures
  Ijyb (D:3)
  Terence (D:3)
  An orc wizard (D:3)
  4 gnolls
  3 adders
  A worm (D:2)
  2 dart slugs (D:3)
  4 orcs (D:3)
  12 ball pythons
  10 bats
  7 endoplasms
  4 giant cockroaches
  8 goblins
  7 hobgoblins
  3 jackals (D:2)
  6 kobolds
  2 frilled lizards
  5 rats
81 creatures vanquished.

Notes
Turn   | Place    | Note
-------+----------+-------------------------------------------
     0 | D:1      | qw the Deep Elf Hunter began the quest for the Orb.
     0 | D:1      | Reached XP level 1. HP: 12/12 MP: 3/3
     0 | D:1      | 0 ||| qw: Version: 0.3-a-9-g12657ce
     0 | D:1      | 0 ||| qw: Game counter: 3748
     0 | D:1      | 0 ||| qw: Always use a shield: true
     0 | D:1      | 0 ||| qw: God list: Okawaru
     0 | D:1      | 0 ||| qw: Allow faded altars: false
     0 | D:1      | 0 ||| qw: Do Orc after D:15 true
     0 | D:1      | 0 ||| qw: Do second Lair branch before Depths: true
     0 | D:1      | 0 ||| qw: Lair rune preference: random
     0 | D:1      | 0 ||| qw: Plans: Normal
     0 | D:1      | 0 ||| PLANNING D:1-11
   156 | D:1      | 156 ||| UPGRADING to +0 scale mail.
   166 | D:1      | 166 ||| DROPPING +0 leather armour.
   167 | D:1      | 167 ||| DROPPING scroll of butterflies.
   333 | D:1      | Reached XP level 2. HP: 16/16 MP: 4/4
   356 | D:1      | Reached skill level 6 in Ranged Weapons
   871 | D:1      | Reached XP level 3. HP: 20/20 MP: 5/5
   895 | D:1      | 895 ||| UPGRADING to +0 ring mail.
   905 | D:1      | 905 ||| DROPPING +0 scale mail.
   906 | D:1      | 906 ||| UPGRADING to +0 pair of gloves.
   911 | D:1      | 911 ||| READING scroll labelled BIKOMN SAHE.
   912 | D:1      | 912 ||| READING scroll labelled RUMUT FETWARAUBRI.
   915 | D:1      | 915 ||| READING scroll labelled RUUCHE WAEPP.
   916 | D:1      | 916 ||| READING scroll labelled YKLULO PEXKACS.
   917 | D:1      | 917 ||| DRINKING 3 viscous green potions.
   986 | D:2      | Reached skill level 7 in Ranged Weapons
   996 | D:2      | 996 ||| FLEEEEING.
  1310 | D:2      | Reached XP level 4. HP: 23/25 MP: 6/6
  1508 | D:2      | 1508 ||| UPGRADING to +0 pair of boots.
  1513 | D:2      | 1513 ||| UPGRADING to +0 helmet.
  1518 | D:2      | 1518 ||| READING scroll labelled FYPSOWORYNN.
  1519 | D:2      | 1519 ||| READING scroll labelled MONELI XAMA.
  1520 | D:2      | 1520 ||| READING scroll labelled TEONOH XURRA.
  1522 | D:2      | 1522 ||| Stepping ~*~*~tactically~*~*~ (cloud).
  1625 | D:3      | 1625 ||| STAIRDANCE
  1690 | D:3      | 1690 ||| STAIRDANCE
  1740 | D:3      | Reached skill level 8 in Ranged Weapons
  1749 | D:3      | Reached skill level 1 in Armour
  1859 | D:3      | Noticed Terence
  1861 | D:3      | 1861 ||| Stepping ~*~*~tactically~*~*~ (outnumbered).
  1867 | D:3      | Killed Terence
  1868 | D:3      | Reached XP level 5. HP: 29/29 MP: 7/7
  1936 | D:3      | Found a burning altar of Makhleb.
  1940 | D:3      | Found Quitwuz's Book Shop.
  2037 | D:3      | Found a sparkling altar of Nemelex Xobeh.
  2292 | D:3      | Noticed Ijyb
  2320 | D:3      | Killed Ijyb
  2526 | D:3      | Reached skill level 9 in Ranged Weapons
  2597 | D:3      | Found a hazy altar of Hepliaklqana.
  2641 | D:3      | 2641 ||| UPGRADING to +2 leather armour of cold resistance.
  2651 | D:3      | 2651 ||| READING scroll labelled FANUEGIRES.
  2652 | D:3      | 2652 ||| READING scroll labelled TECA NIUSEUXT.
  2753 | D:3      | 2753 ||| DRINKING 2 purple potions.
  2804 | D:4      | Found a snail-covered altar of Cheibriados.
  2818 | D:4      | Slain by a gnoll

Levels and vault maps discovered:
D:1:      co_arrival_two_rings, layout_basic, grunt_decor_cap
D:2:      minmay_chambers_of_twos, layout_rooms
D:3:      layout_loops_corners, nicolae_overflow_hidden_temple, bloody_makhleb,
          nzn_hepliaklqana_mist_gate, serial_shops,
          nicolae_shop_tiny_waterfront, uniq_ijyb, uniq_terence
D:4:      layout_basic, mainiacjoe_overflow_catwalk,
          lemuel_coloured_pillars_altar, minmay_temple_entry_fiery,
          gammafunk_ghost_arena, minmay_misc_feat_cross, uniq_duvessa,
          uniq_crazy_yiuf_cottage, uniq_sigmund

Skill      XL: |  1  2  3  4  5 |
---------------+----------------+-----
Ranged Weapons | 6 7 8 9 |  9.0
Armour         | 1 |  1.0
Fighting       | |  1.6
Dodging        | |  2.7
Stealth        | |  1.2

Action                     |  1- 3 |  4- 6 || total
---------------------------+-------+-------++-------
   Fire: Shortbow          |   149 |   131 ||   280
    Use: Scroll            |     4 |     5 ||     9
         Potion            |     1 |     1 ||     2
 Armour: Leather armour    |     4 |     2 ||     6
         Scale mail        |     7 |       ||     7
         Ring mail         |    20 |    29 ||    49
  Dodge: Dodged            |    45 |    42 ||    87

Table legend:
 A = Non-vault XP
 B = Vault XP
 C = Vault XP percentage of total XP
 D = Non-vault monster count
 E = Vault monster count
 F = Vault count percentage of total count
                 A         B        C        D         E       F
            +---------+---------+-------+---------+---------+-------
      Total |     239 |      97 |  28.9 |      71 |      10 |  12.3
            +---------+---------+-------+---------+---------+-------
        D:1 |      41 |       0 |   0.0 |      22 |       0 |   0.0
        D:2 |      49 |      25 |  33.8 |      21 |       8 |  27.6
        D:3 |     132 |      72 |  35.3 |      25 |       2 |   7.4
        D:4 |      17 |       0 |   0.0 |       3 |       0 |   0.0
            +---------+---------+-------+---------+---------+-------
